 Dungeon Crawl Stone Soup version 0.32-a0-612-g1c984fe9d1 (webtiles) character file.

Game seed: 14024704113023986348

608 cforsyth the Grave Robber (level 7, -2/62 HPs)
             Began as a Mountain Dwarf Necromancer on Mar 4, 2024.
             Slain by an ogre
             ... wielding a +0 giant club
              (29 damage)
             ... on level 4 of the Dungeon.
             The game lasted 00:12:53 (8343 turns).

cforsyth the Grave Robber (MDNe)                    Turns: 8343, Time: 00:12:53

Health: -2/62      AC: 10    Str: 12    XL:     7   Next: 19%
Magic:  9/9        EV:  2    Int: 16    God:
Gold:   202        SH:  0    Dex: 10    Spells: 8/9 levels left

rFire   . . .        l - +1 whip (vamp)
rCold   . . .        (no shield)
rNeg    . . .        d - +0 plate armour
rPois   .            (no helmet)
rElec   .            (no cloak)
rCorr   .            (no gloves)
SInv    .            (no boots)
Will    .....        (no amulet) Stlth
                     (no ring)
HPRegen 0.30/turn    (no ring)
MPRegen 0.11/turn

%: no passive effects
@: studying Ranged Weapons
A: runic magic, artefact enchanting
a: no special abilities


You were on level 4 of the Dungeon.
You visited 1 branch of the dungeon, and saw 4 of its levels.
You also visited: Sewer.

You collected 202 gold pieces.


Innate Abilities, Weirdness & Mutations

Your spellcasting is much less encumbered by armour.
You can use scrolls of enchantment on lesser artefacts.


   Skills:
 + Level 5.7 Fighting
 + Level 1.1 Armour
 - Level 1.3 Dodging
 - Level 1.4 Stealth
 - Level 1.7 Spellcasting
 + Level 7.4 Necromancy


You had 8 spell levels left.
You knew the following spells:

 Your Spells              Type           Power      Damage    Failure   Level
X - Necrotise             Necr           100%       1d9       3%          1

Your spell library contained the following spells:

 Spells                   Type           Power      Damage    Failure   Level
 Vampiric Draining        Necr           25%        2d7       12%         3
 Animate Dead             Necr           25%        N/A       36%         4
 Curse of Agony           Necr           25%        N/A       71%         5

Inventory:

Hand Weapons
 e - a +0 whip
 g - a +0 hand axe
 l - a +1 vampiric whip (weapon)
Armour
 d - a +0 plate armour (worn)
 n - a +0 helmet
Magical Staves
 f - a staff of conjuration {!a}
Jewellery
 c - an amulet of guardian spirit
 F - a ring of fire
 Z - a ring of wizardry
Scrolls
 h - a scroll of enchant weapon {unknown}
 k - a scroll of teleportation {unknown}
 m - a scroll of revelation {unknown}
 o - a scroll of fog {unknown}
Potions
 b - a potion of magic
 i - 2 potions of might {unknown}
 j - 2 potions of enlightenment
 p - a potion of brilliance {unknown}

Dungeon Overview and Level Annotations

Branches:
Dungeon (4/15)              Sewer (visited)
 Temple: D:4-7

Altars:
Makhleb
Qazlal
Xom

Shops:
D:4

= #..........##.# #.# #.#.#
#..........##.# #.# #.#.#
#..........##.# #.# #.#.##
#...<......#▒▒▒▒▒.# #.....
#..........▒▒...▒▒# ##....
###.###(##▒▒ß.>.ß▒▒#########....
#.#...((▒.......▒.............
#.###.#.(...ß.>.▒#####........
#.# #.##▒...O@..▒ #........ #.#
#.# ▒▒ß.<.ß▒▒ #........ #.###.#
#▒▒...▒▒ #........
#.##..###.▒▒▒▒▒ #....)...
#.##........# #........
#.##..#.#...# #........
####.##....#...# #........
...............# #########
####..........##


You could see an ogre (poisoned).


Message History

Aim: an ogre, wielding a +0 giant club (lightly wounded, poisoned, 71% to hit)
You throw a poisoned dart. The poisoned dart hits the ogre.
The ogre is lightly wounded.
The ogre attacks as it pursues you!
The ogre hits you with a +0 giant club!!
The ogre looks more healthy.
Throw: dart (poison)
Press: ? - help, Shift-Dir - straight line, f/p - ogre
Aim: an ogre, wielding a +0 giant club (lightly wounded, 71% to hit)
You throw a poisoned dart. The poisoned dart hits the ogre.
The ogre is poisoned.
The ogre is lightly wounded.
The ogre hits you with a +0 giant club!
* * * LOW HITPOINT WARNING * * *
Unknown command.
Unknown command.
Unknown command.
You have nothing you can fire or use right now.
Sorry, you're not good enough to have a special ability.
You have nothing you can fire or use right now.
Sorry, you're not good enough to have a special ability.
You closely miss the ogre.
The ogre is lightly wounded.
Unknown command.
Unknown command.
Unknown command.
You barely miss the ogre.
The ogre is moderately wounded.
The ogre hits you with a +0 giant club!!
You die...

Skill      XL: |  1  2  3  4  5  6  7 |
---------------+----------------------+-----
Fighting       | 1 2 3 4 5 |  5.7
Necromancy     | 5 6 7 |  7.4
Armour         | 1 |  1.1
Dodging        | |  1.3
Stealth        | |  1.4
Spellcasting   | |  1.7

Action                     |  1- 3 |  4- 6 |  7- 9 || total
---------------------------+-------+-------+-------++-------
  Melee: Unarmed           |     4 |       |       ||     4
         Whip              |    58 |    73 |     6 ||   137
  Throw: Dart              |       |       |     5 ||     5
   Cast: Necrotise         |    78 |   171 |    26 ||   275
    Use: Scroll            |     6 |     2 |     1 ||     9
         Potion            |       |     3 |       ||     3
   Stab: Distracted        |       |     1 |       ||     1
 Armour: Plate armour      |    65 |   286 |    29 ||   380
         Robe              |     2 |       |       ||     2
  Dodge: Dodged            |     9 |    18 |     2 ||    29

Levels and vault maps discovered:
D:1:      grunt_arrival_crossed_arrows, layout_basic
D:2:      layout_loops_ring, hellmonk_ecumenical_altar_slurped_away
D:3:      layout_loops_ring, grunt_temple_overflow_open,
          cheibrodos_sewer_entry_drain, cheibrodos_gnoll_hut
D:4:      layout_basic, kb_xom_exploding_sheep, serial_shops,
          nicolae_shop_crystal, st_stairs_9, grunt_ministairs_7,
          ebering_dispersal_statue_hall

Notes
Turn   | Place    | Note
-------+----------+-------------------------------------------
     0 | D:1      | cforsyth the Mountain Dwarf Necromancer began the quest for
                  | the Orb.
     0 | D:1      | Reached XP level 1. HP: 14/14 MP: 3/3
   157 | D:1      | Reached skill level 1 in Fighting
   214 | D:1      | Reached XP level 2. HP: 23/23 MP: 0/4
   784 | D:2      | Found a faded altar of an unknown god.
   943 | D:2      | Reached skill level 2 in Fighting
   943 | D:2      | Reached skill level 5 in Necromancy
   943 | D:2      | Reached XP level 3. HP: 23/29 MP: 0/5
  1977 | D:3      | Reached skill level 3 in Fighting
  1977 | D:3      | Reached XP level 4. HP: 20/38 MP: 0/6
  2077 | D:3      | Found a burning altar of Makhleb.
  2078 | D:3      | Found a stormy altar of Qazlal.
  2092 | D:3      | Found a glowing drain.
  2135 | Sewer    | Entered a sewer
  2918 | Sewer    | Reached XP level 5. HP: 39/45 MP: 0/7
  3334 | Sewer    | Reached skill level 6 in Necromancy
  5557 | Sewer    | Reached skill level 4 in Fighting
  5582 | Sewer    | Reached XP level 6. HP: 15/53 MP: 0/8
  6113 | D:2      | Reached skill level 5 in Fighting
  6363 | D:3      | Reached skill level 7 in Necromancy
  7234 | D:4      | Found Souxemn's Jewellery Emporium.
  7342 | D:4      | Noticed a dream sheep
  7342 | D:4      | Noticed a dream sheep
  7342 | D:4      | Noticed a dream sheep
  7342 | D:4      | Noticed a dream sheep
  7342 | D:4      | Noticed a dream sheep
  7342 | D:4      | Found a shimmering altar of Xom.
  7345 | D:4      | Killed a dream sheep
  7346 | D:4      | Killed a dream sheep
  7346 | D:4      | Killed a dream sheep
  7346 | D:4      | Killed a dream sheep
  7346 | D:4      | Killed a dream sheep
  7676 | D:4      | Reached XP level 7. HP: 61/61 MP: 7/9
  7766 | D:4      | Reached skill level 1 in Armour
  8343 | D:4      | Slain by an ogre

Vanquished Creatures
  A bullfrog (Sewer)
  2 scorpions
  3 hounds
  2 orc wizards (D:3)
  7 gnolls
  7 adders
  8 dart slugs
  4 ribbon worms
  4 orcs (D:3)
  19 ball pythons
  5 bats
  17 endoplasms
  5 giant cockroaches
  6 hobgoblins
  A jackal (D:4)
  12 kobolds
  5 quokkas
  5 frilled lizards
  7 goblins
  3 rats (D:3)
123 creatures vanquished.

Vanquished Creatures (collateral kills)
  An orc (D:3)
  2 giant cockroaches (Sewer)
  A kobold (D:1)
  4 ball pythons
  2 frilled lizards (Sewer)
  A rat (D:3)
11 creatures vanquished.

Vanquished Creatures (others)
  5 dream sheep (D:4)
5 creatures vanquished.

Grand Total: 139 creatures vanquished

Table legend: (Time is in decaauts)
 A = Elapsed time spent in this place.
 B = Non-inter-level travel time spent in this place.
 C = Inter-level travel time spent in this place.
 D = Time resting spent in this place.
 E = Time spent auto-exploring this place.
 F = Levels seen in this place.
 G = Mean time per level.
                   A        B        C        D        E       F      G
               +--------+--------+--------+--------+--------+-----+--------+
         Total |   8427 |   8308 |    119 |   3642 |   3331 |   5 | 1685.4 |
       Dungeon |   4631 |   4512 |    119 |    512 |   3093 |   4 | 1157.8 |
         Sewer |   3796 |   3796 |      0 |   3130 |    238 |   1 | 3796.0 |
               +--------+--------+--------+--------+--------+-----+--------+

Top non-repeatable levels by time:
   Sewer: 3796 daAuts
     D:2: 1514 daAuts
     D:3: 1187 daAuts
     D:4: 1179 daAuts
     D:1: 750 daAuts

Table legend:
 A = Non-vault XP
 B = Vault XP
 C = Vault XP percentage of total XP
 D = Non-vault monster count
 E = Vault monster count
 F = Vault count percentage of total count
                 A         B        C        D         E       F
            +---------+---------+-------+---------+---------+-------
      Total |     522 |     347 |  39.9 |      75 |      59 |  44.0
            +---------+---------+-------+---------+---------+-------
        D:1 |      31 |       0 |   0.0 |      16 |       0 |   0.0
        D:2 |      55 |      88 |  61.5 |      21 |       3 |  12.5
        D:3 |     216 |      21 |   8.9 |      23 |       5 |  17.9
        D:4 |     220 |       7 |   3.1 |      15 |       4 |  21.1
      Sewer |       0 |     231 | 100.0 |       0 |      47 | 100.0
            +---------+---------+-------+---------+---------+-------
